AoeStats
← Jan6thhero

Arabia

506034314Analyzed
3v3 RM · 18d ago on Sep 12, 2026· 38m 34s· 6 players
Game mode
Random Map
Map size
Normal (6 player)
Population
200
Speed
Normal
Resources
Standard
Victory
Conquest
Starting age
Dark Age
Ending age
Imperial Age
RankedLock teamsTeams togetherTeam positionsShared explorationLock speedFull tech treeHidden civsTurbo modeCheats
Victory
Defeat
🇲🇽 Aztecs · Mexico
759
+13
🇲🇽 Armenians · Mexico
674
+16
🇺🇸 Armenians · United States
606
+20
🇨🇦 Vikings · Canada
735
-18
🇺🇸 Huns · United States
673
-16
🇨🇦 Sicilians · Canada
645
-30
Jan6thhero
Mase of Spades
11:17 Feudal Age
11:54 Double-Bit Axe
12:09 Horse Collar
15:01 Wheelbarrow
20:51 Bloodlines
22:53 Castle Age
21:55 Loom
Oatmeal_de_Greatest
1:44 Loom
12:42 Feudal Age
14:10 Horse Collar
14:46 Double-Bit Axe
18:42 Gold Mining
19:03 Town Watch
24:21 Castle Age
23:45 Man-at-Arms
24:43 Long Swordsman
30:58 Forging
32:00 Arson
A Delicious Pot Roast
12:57 Feudal Age
14:17 Scale Mail Armor
13:59 Man-at-Arms
14:25 Arson
14:44 Long Swordsman
24:50 Castle Age
28:23 Double-Bit Axe
32:26 Wheelbarrow
32:31 Two-Handed Swordsman
35:18 Chain Mail Armor
36:32 Champion
38:42 Forging
Malefactor
0:28 Loom
15:56 Feudal Age
21:25 Castle Age
20:51 Forging
21:41 Double-Bit Axe
23:09 Wheelbarrow
24:24 Eagle Warrior
25:06 Squires
27:10 Iron Casting
27:00 Hand Cart
30:04 Stone Mining
30:27 Bow Saw
29:58 Horse Collar
37:31 Imperial Age
36:23 Scale Mail Armor
37:55 Gold Mining
38:11 Heavy Plow
38:19 Spies/Treason
morita
0:42 Loom
13:18 Feudal Age
13:26 Man-at-Arms
14:18 Long Swordsman
27:06 Castle Age
24:54 Double-Bit Axe
25:03 Gold Mining
27:16 Two-Handed Swordsman
29:00 Champion
Connection lost

Rejoining the realm…

Still unreachable

The connection could not be restored.

Session expired

The server has moved on; the page needs a fresh start.